Construct Medical Station
Construct Weapon Support Center
M3 Armored Personnel Carrier
M3 Armored Personnel Carrier
M1918 Browning Automatic Rifles
Selects Advanced Infantry Battlegroup
Selects Ammunition Storage
Selects M2A1 105mm Howitzer Emplacement
Selects Convert to Ranger Squad
Selects Designate Assault Position
Improved M9 Bazooka Rockets
Selects Ranger Weapon Training
Selects 155mm Rapid Artillery Barrage
155mm Rapid Artillery Barrage
155mm Rapid Artillery Barrage
M4(105) Sherman Bulldozer
M3 Armored Personnel Carrier